 Dungeon Crawl Stone Soup version 0.30-a0-859-gf88a04b62d (webtiles) character file.

Game seed: 14414328305292761261

12 qeuew the Digger (level 2, 0/16 HPs)
             Began as a Gargoyle Earth Elementalist on Mar 6, 2023.
             Slain by a hobgoblin (4 damage)
             ... on level 1 of the Dungeon.
             The game lasted 00:00:54 (580 turns).

qeuew the Digger (Gargoyle Earth Elementalist)       Turns: 580, Time: 00:00:55

Health: 0/16       AC:  4    Str: 11    XL:     2   Next: 33%
Magic:  1/5        EV: 12    Int: 15    God:
Gold:   3          SH:  0    Dex: 10    Spells: 4/5 levels left

rFire   . . .      SeeInvis .    d - +0 mace
rCold   . . .      Faith    .    (no shield)
rNeg    + . .      Spirit   .    a - +0 robe
rPois   ∞          Reflect  .    (no helmet)
rElec   +          Rampage  .    (no cloak)
rCorr   .                        (no gloves)
Will    .....                    (no boots)
Stlth   ++                       (no amulet)
HPRegen 0.22/turn                (no ring)
MPRegen 0.09/turn                (no ring)

@: no status effects
A: sickness immunity, AC +2, negative energy resistance 1, electricity
resistance, torment resistance 1, petrification resistance
a: no special abilities


You were on level 1 of the Dungeon.
You visited 1 branch of the dungeon, and saw 1 of its levels.

You collected 3 gold pieces.

Inventory:

Hand Weapons
 d - a +0 mace (weapon)
Armour
 a - a +0 robe (worn)
Scrolls
 c - a scroll of immolation {unknown}
 e - a scroll of identify {unknown}
 g - a scroll of fog {unknown}
Potions
 b - a potion of magic
 f - a potion of curing {unknown}


   Skills:
 + Level 0.3 Fighting
 * Level 0.1 Maces & Flails
 * Level 0.3 Armour
 * Level 1.8 Dodging
 + Level 2.2 Stealth
 * Level 2.1 Spellcasting
 + Level 0.8 Transmutations
 * Level 3.7 Earth Magic


You had 4 spell levels left.
You knew the following spells:

 Your Spells              Type           Power      Damage    Failure   Level
a - Sandblast             Erth           24%        2d8       4%          1

Your spell library contained the following spells:

 Spells                   Type           Power      Damage    Failure   Level
 Passwall                 Tmut/Erth      6%         N/A       13%         2
 Stone Arrow              Conj/Erth      14%        3d7       30%         3
 Ozocubu's Armour         Ice            1%         N/A       54%         3
 Petrify                  Tmut/Erth      8%         N/A       63%         4
 Ozocubu's Refrigeration  Ice            0%         4d7       100%        7


Dungeon Overview and Level Annotations

Branches:
Dungeon (1/15)

Altars:


Innate Abilities, Weirdness & Mutations

You are immune to sickness and miasma.
Your stone body is resilient. (AC +2)
You are immune to poison.
You resist negative energy. (rN+)
You are resistant to electric shocks. (rElec)
You are resistant to unholy torment.
You are immune to petrification.


Message History

You are out of magic!
You are out of magic!
You are out of magic!
You hit the jackal.
The jackal is heavily wounded.
The jackal closely misses you. The jackal misses you.
You barely miss the jackal.
The jackal is heavily wounded.
The jackal barely misses you. The jackal bites you.
You completely miss the jackal.
The jackal is heavily wounded.
The jackal bites you. The hobgoblin hits you. The jackal barely misses you.
The hobgoblin closely misses you.
You are too injured to fight recklessly!
You are too injured to fight recklessly!
You are too injured to fight recklessly!
You are too injured to fight recklessly!
You are too injured to fight recklessly!
You are too injured to fight recklessly!
You are too injured to fight recklessly!
You are too injured to fight recklessly!
You are too injured to fight recklessly!
You are too injured to fight recklessly!
You are too injured to fight recklessly!
You are too injured to fight recklessly!
You are too injured to fight recklessly!
You hit the jackal.
The jackal is severely wounded.
The jackal bites you.
The jackal bites you but does no damage.
The hobgoblin misses you.
You hit the jackal but do no damage.
The jackal is severely wounded.
The jackal barely misses you. The hobgoblin hits you.
* * * LOW HITPOINT WARNING * * *
The jackal closely misses you.
You barely miss the jackal.
The jackal is heavily wounded.
The jackal barely misses you. The hobgoblin hits you.
You die...

#### ########## ..#
#.......#. #.#
#.#####.#.
########.######.....#.#.
......g@...............>
......h.............#...
#...####.##########.....
... ...# ....... # #####
#.#.###. #.#. #.. # #.
#.. #.. ###


You could see a jackal and a hobgoblin.

Vanquished Creatures
  A bat (D:1)
  An endoplasm (D:1)
  2 hobgoblins (D:1)
  2 jackals (D:1)
  A kobold (D:1)
  A quokka (D:1)
  A ball python (D:1)
  A rat (D:1)
10 creatures vanquished.

Notes
Turn   | Place    | Note
-------+----------+-------------------------------------------
     0 | D:1      | qeuew the Gargoyle Earth Elementalist began the quest for
                  | the Orb.
     0 | D:1      | Reached XP level 1. HP: 10/10 MP: 3/3
   355 | D:1      | Reached XP level 2. HP: 15/15 MP: 0/5
   580 | D:1      | Slain by a hobgoblin

Illustrated notes

Levels and vault maps discovered:
D:1:      dpeg_arrival_round_a, layout_basic

Action                     || total
---------------------------++-------
  Melee: Mace              ||     7
   Cast: Sandblast         ||    16
 Armour: Robe              ||     5
  Dodge: Dodged            ||    18

Table legend: (Time is in decaauts)
 A = Elapsed time spent in this place.
 B = Non-inter-level travel time spent in this place.
 C = Inter-level travel time spent in this place.
 D = Time resting spent in this place.
 E = Time spent auto-exploring this place.
 F = Levels seen in this place.
 G = Mean time per level.
                   A        B        C        D        E       F      G
               +--------+--------+--------+--------+--------+-----+--------+
         Total |    589 |    565 |     24 |      0 |    507 |   1 |  589.0 |
       Dungeon |    589 |    565 |     24 |      0 |    507 |   1 |  589.0 |
               +--------+--------+--------+--------+--------+-----+--------+

Top non-repeatable levels by time:
     D:1: 589 daAuts
